 Dungeon Crawl Stone Soup version 0.30-a0-743-gbfdf073431 (webtiles) character file.

Game seed: 8369635009309954953

216 jimonade the Insei (level 6, -5/43 HPs)
             Began as a Djinni Transmuter on Feb 8, 2023.
             Slain by a gnoll
             ... wielding a +0 heavy spear
              (9 damage)
             ... on level 6 of the Dungeon.
             The game lasted 00:07:09 (3089 turns).

jimonade the Insei (Djinni Transmuter)              Turns: 3089, Time: 00:07:10

Health: -5/43      AC: -6    Str: 11    XL:     6   Next: 16%
Gold:   212        EV: 20    Int: 15    God:
                   SH:  0    Dex: 18

rFire   . . .      SeeInvis .      - Unarmed
rCold   . . .      Faith    .    (shield currently unavailable)
rNeg    . . .      Spirit   .    (body armour currently unavailable)
rPois   ∞          Reflect  .    (helmet currently unavailable)
rElec   .          Harm     .    (cloak currently unavailable)
rCorr   .          Rampage  .    (gloves currently unavailable)
Will    .....                    (boots unavailable)
Stlth   ++                       f - amulet of the acrobat
HPRegen 0.27/turn                j - ring of wizardry
MPRegen 0.00/turn                (no ring)

@: spider-form (expiring), corroded, flying, very slightly contaminated
A: venomous fangs, flying, sickness immunity, tiny, (fire resistance 2), (cold
vulnerability 1), float, innate caster, HP casting, extra vitality 1
a: End Transformation


You were on level 6 of the Dungeon.
You were a venomous arachnid creature.
You visited 1 branch of the dungeon, and saw 5 of its levels.

You collected 212 gold pieces.

Inventory:

Hand Weapons
 k - a +0 quarterstaff
Missiles
 h - 6 poisoned darts
Armour
 a - a +0 robe (melded)
 g - a +0 leather armour
 i - a +0 ring mail
 p - a +0 cloak (melded)
 q - a +0 pair of gloves (melded)
Jewellery
 f - an amulet of the acrobat (around neck)
 j - a ring of wizardry (left front pincers)
Scrolls
 c - 4 scrolls of identify {unknown}
 l - a scroll of butterflies {unknown}
 o - a scroll of teleportation {unknown}
 r - a scroll of enchant weapon {unknown}
Potions
 b - a potion of lignification
 d - 3 potions of might {unknown}
 e - 2 potions of heal wounds {unknown}
 m - 3 potions of curing {unknown}
 n - a potion of cancellation {unknown}


   Skills:
 + Level 1.6 Fighting
 + Level 2.9 Dodging
 + Level 4.4 Unarmed Combat
 * Level 3.3 Spellcasting


You couldn't memorise any spells.
You knew the following spells:

 Your Spells              Type           Power      Damage    Failure   Level
a - Beastly Appendage     Tmut           24%        N/A       6%          1
b - Wereblood             Tmut           12%        N/A       9%          2
c - Spider Form           Tmut/Pois      12%        N/A       14%         3
d - Ice Form              Ice/Tmut       12%        N/A       34%         4
e - Apportation           Tloc           24%        N/A       6%          1
f - Ensorcelled Hibernat  Hex/Ice        24%        N/A       9%          2
Your spell library was empty.

Dungeon Overview and Level Annotations

Branches:
Dungeon (4/15)
 Temple: D:4-7

Altars:
Fedhas
Gozag
Wu Jian


Innate Abilities, Weirdness & Mutations

You are a venomous arachnid creature.
You have venomous fangs.
You are tiny and dextrous.
You are flying.
Your spellcasting is less reliable in this form.
Your armour is entirely melded.
You are incapable of wielding weapons or throwing items.
You are immune to sickness and miasma.
You are immune to poison.
((Your flesh is very heat resistant. (rF++)))
((You are vulnerable to cold. (rC-)))
You float through the air rather than walking.
You learn spells naturally, not from books.
Your magical power is your life essence.
You have superior vitality. (+4 MHP)


Message History

The white imp is moderately wounded.
The white imp misses you.
You hit the white imp but do no damage.
The white imp is severely wounded.
The white imp misses you.
You hit the white imp but do no damage.
The white imp is severely wounded.
You kill the white imp!
The shadow imp gestures at you. Pain shoots through your body!
* * * LOW HITPOINT WARNING * * *
Your transformation is almost over.
The shadow imp laughs crazily.
Casting: Spider Form (dangerous; 14% risk of failure)
Confirm with . or Enter, or press ? or * to list all spells.
The spell is quite dangerous to miscast (34% risk of failure)!
Continue anyway?
You miscast Ice Form.
You are very lightly contaminated with residual magic.
You feel very strange.
* * * LOW HITPOINT WARNING * * *
You hit the shadow imp.
The shadow imp is poisoned.
The shadow imp is moderately wounded.
The shadow imp closely misses you.
You hit the shadow imp.
The shadow imp looks as sick as possible!
The shadow imp is heavily wounded.
The shadow imp hits you.
* * * LOW HITPOINT WARNING * * *
You hit the shadow imp.
You kill the shadow imp!
You hit the gnoll.
The gnoll is moderately wounded.
The gnoll misses you. The gnoll completely misses you.
You hit the gnoll but do no damage.
The gnoll is poisoned.
The gnoll is moderately wounded.
You hit the gnoll but do no damage.
The gnoll looks as sick as possible!
The gnoll is moderately wounded.
The gnoll completely misses you.
The gnoll hits you from afar with a +0 heavy spear!
You die...

... #.# #.# ##
... .#.# # #.#
#.# #.#.# .
#.>..g.... .#.#
+.#.#.#.#.#.#.#
#.......5.?...
#.....#####.#
####+#..ggs.#
#.###### #.#
#.# #.# #.# #^#
#.# #.#


You could see 2 gnolls.

Vanquished Creatures
  A necrophage (D:4)
  A jelly (D:6)
  3 adders
  A shadow imp (D:6)
  A white imp (D:6)
  3 worms
  6 orcs
  6 endoplasms
  3 giant cockroaches
  3 goblins
  6 hobgoblins
  8 jackals (D:1)
  A quokka (D:3)
  2 ball pythons (D:1)
  6 bats
  7 frilled lizards
  7 kobolds
  6 rats
71 creatures vanquished.

Notes
Turn   | Place    | Note
-------+----------+-------------------------------------------
     0 | D:1      | jimonade the Djinni Transmuter began the quest for the Orb.
     0 | D:1      | jimonade set off with the following spells memorised:
                  | Beastly Appendage, Wereblood, Spider Form, Ice Form.
     0 | D:1      | Reached XP level 1. HP: 17/17 MP: 0/0
   204 | D:1      | Reached XP level 2. HP: 21/22 MP: 0/0
   354 | D:1      | Reached XP level 3. HP: 15/27 MP: 0/0
   354 | D:1      | Learned a level 1 spell: Apportation
   680 | D:1      | Found a faded altar of an unknown god.
  1179 | D:2      | Reached XP level 4. HP: 19/32 MP: 0/0
  2220 | D:3      | Found an ornate altar of the Wu Jian Council.
  2258 | D:3      | Found an opulent altar of Gozag.
  2530 | D:3      | Found a blossoming altar of Fedhas.
  2559 | D:3      | Reached XP level 5. HP: 31/37 MP: 0/0
  2559 | D:3      | Learned a level 2 spell: Ensorcelled Hibernation
  2985 | D:4      | Reached skill level 4 in Unarmed Combat
  3058 | D:4      | You are sucked into a shaft and drop 2 floors!
  3068 | D:6      | Reached XP level 6. HP: 30/42 MP: 0/0
  3089 | D:6      | Slain by a gnoll

Illustrated notes

Levels and vault maps discovered:
D:1:      amcnicky_arrival_feature_with_door, layout_basic,
          hellmonk_ecumenical_altar_zigzags
D:2:      wander_river, layout_basic
D:3:      layout_loops_ring, nzn_wu_jian_contemplation,
          nicolae_gozag_seed_capital, fedhas_altar_1
D:4:      layout_basic
D:6:      kennysheep_windowed_halls, layout_basic, nicolae_tso_besieged_by_evil,
          st_stairs_8

Skill      XL: |  1  2  3  4  5 |
---------------+----------------+-----
Spellcasting   | 2 3 |  3.3
Unarmed Combat | 4 |  4.4
Fighting       | |  1.6
Dodging        | |  2.9

Action                     |  1- 3 |  4- 6 || total
---------------------------+-------+-------++-------
  Melee: Unarmed           |   127 |   122 ||   249
         Headbutt          |    14 |    11 ||    25
         Punch             |     2 |     3 ||     5
   Cast: Beastly Appendage |    28 |    12 ||    40
         Wereblood         |     1 |     4 ||     5
         Spider Form       |       |     9 ||     9
   Stab: Sleeping          |     1 |     2 ||     3
 Armour: Robe              |    22 |    11 ||    33
  Dodge: Dodged            |    89 |    74 ||   163

Table legend: (Time is in decaauts)
 A = Elapsed time spent in this place.
 B = Non-inter-level travel time spent in this place.
 C = Inter-level travel time spent in this place.
 D = Time resting spent in this place.
 E = Time spent auto-exploring this place.
 F = Levels seen in this place.
 G = Mean time per level.
                   A        B        C        D        E       F      G
               +--------+--------+--------+--------+--------+-----+--------+
         Total |   3072 |   2868 |    204 |     22 |   2219 |   5 |  614.4 |
       Dungeon |   3072 |   2868 |    204 |     22 |   2219 |   5 |  614.4 |
               +--------+--------+--------+--------+--------+-----+--------+

Top non-repeatable levels by time:
     D:1: 1131 daAuts
     D:2: 1039 daAuts
     D:3: 784 daAuts
     D:4: 87 daAuts
     D:6: 29 daAuts
